 Dungeon Crawl Stone Soup version 0.31.0-4-g52a2dc7128 (webtiles) character file.

Game seed: 284211134630999562

914 ymhsbmbesitwf the Trooper (level 7, -2/66 HPs)
             Began as a Minotaur Fighter on Jan 21, 2024.
             Was an Initiate of the Shining One.
             Blown up by Ijyb (17 damage)
             ... with a mindburst bolt
             ... on level 5 of the Dungeon.
             The game lasted 00:08:21 (3835 turns).

ymhsbmbesitwf the Trooper (Minotaur Fighter)        Turns: 3835, Time: 00:08:21

Health: -2/66      AC:  9    Str: 23    XL:     7   Next: 82%
Magic:  6/6        EV: 10    Int:  5    God:    the Shining One [......]
Gold:   355        SH:  4    Dex:  9    Spells: 6/6 levels left

rFire   + . .        a - +0 war axe
rCold   + . .        c - +0 buckler
rNeg    . . .        l - +1 scale mail {rPois}
rPois   +            (helmet restricted)
rElec   +            (no cloak)
rCorr   +            u - +0 pair of gloves
SInv    .            (no boots)
Will    .....        (no amulet) Stlth
                     q - ring of flight
HPRegen 0.31/turn    (no ring)
MPRegen 0.10/turn

%: no passive effects
@: about to teleport, resistant, flying, glowing
A: horns 2, retaliatory headbutt
a: Renounce Religion


You were on level 5 of the Dungeon.
You worshipped the Shining One.
The Shining One was noncommittal.
You visited 2 branches of the dungeon, and saw 6 of its levels.

You collected 355 gold pieces.

Inventory:

Hand Weapons
 a - a +0 war axe (weapon)
Armour
 c - a +0 buckler (worn)
 l - a +1 scale mail of poison resistance (worn)
 u - a +0 pair of gloves (worn)
Jewellery
 q - a ring of flight (left hand)
Scrolls
 b - a scroll of enchant armour {unknown}
 f - 4 scrolls of teleportation
 g - 3 scrolls of identify {unknown}
 h - a scroll of enchant weapon {unknown}
 m - a scroll of noise {unknown}
 n - 2 scrolls of fear {unknown}
 p - a scroll of acquirement {unknown}
 v - a scroll of brand weapon {unknown}
 w - a scroll of fog {unknown}
Potions
 d - 2 potions of might
 i - a potion of berserk rage {unknown}
 j - 2 potions of mutation {unknown}
 k - 4 potions of attraction {unknown}
 o - 3 potions of heal wounds {unknown}
 r - a potion of degeneration {unknown}
 s - 2 potions of curing {unknown}
 t - 2 potions of brilliance {unknown}
 x - a potion of haste {unknown}


   Skills:
 * Level 7.6 Fighting
 * Level 7.6 Axes
 - Level 4.0 Armour
 - Level 3.0 Dodging
 - Level 4.0 Shields


You had 6 spell levels left.
You didn't know any spells.
Your spell library contained the following spells:

 Spells                   Type           Power      Damage    Failure   Level
 Apportation              Tloc           0%         N/A       85%         1
 Necrotise                Necr           0%         1d4       85%         1
 Sting                    Conj/Alch      0%         1d3       85%         1
 Summon Small Mammal      Summ           0%         N/A       85%         1
 Vhi's Electric Charge    Tloc/Air       0%         N/A       100%        4
 Arcjolt                  Conj/Air       0%         1d10      100%        5
 Maxwell's Capacitive Co  Air            0%         ∞         100%        8


Dungeon Overview and Level Annotations

Branches:
Dungeon (5/15)             Temple (1/1) D:4

Altars:
Elyvilon
Gozag
Hepliaklqana
Makhleb
Okawaru
Qazlal
Sif Muna
Trog
Uskayaw
Vehumet
Wu Jian
Yredelemnul
Zin
The Shining One

Annotations:
D:5 Ijyb


Innate Abilities, Weirdness & Mutations

You have a pair of horns on your head.
You reflexively headbutt those who attack you in melee.


Message History

You closely miss Ijyb. Your headbutt misses Ijyb.
Ijyb is lightly wounded.
You barely miss the orc. You closely miss something.
Something hits you but does no damage.
Ijyb screams, "Get away!"
Ijyb hits you with a +0 club.
You hit Ijyb but do no damage. You headbutt Ijyb, but do no damage.
Ijyb is lightly wounded.
You closely miss something. You hit the orc but do no damage.
Something hits you but does no damage.
Ijyb grins evilly.
Ijyb barely misses you. You furiously retaliate!
You headbutt Ijyb. The orc hits you with a +0 club.
Something hits you but does no damage.
You block the orc's attack. x2; Ijyb hits you with a +0 club.
* * * LOW HITPOINT WARNING * * *
It was a potion of resistance.
You feel protected. The orc hits you but does no damage. Something hits you.
* * * LOW HITPOINT WARNING * * *
The orc hits you with a +0 club.
* * * LOW HITPOINT WARNING * * *
Ijyb hits you but does no damage.
As you read the scroll labelled BIVVEZA IFENUE, it crumbles to dust.
You feel strangely unstable.
It was a scroll of teleportation.
The orc hits you but does no damage. Something hits you but does no damage.
The orc misses you. Ijyb hits you but does no damage.
You barely miss Ijyb. Your headbutt misses Ijyb.
Ijyb is moderately wounded.
You barely miss the orc. You slash the orc!
You kill the orc!
You hit something.
Reactivating autopickup.
You feel a bit more experienced. The orc barely misses you.
Ijyb barely misses you. You furiously retaliate!
You headbutt Ijyb, but do no damage. You hit Ijyb. Your headbutt misses Ijyb.
Ijyb is heavily wounded.
You barely miss the orc. You block the orc's attack.
Ijyb zaps a wand.
Your mind is blasted!
You die...

..#.##..##.#..........#
....##....##...........'
.......................#
......................#
..##....##...........#
#.##..##.#..........#
#.#..#.#.#.........#
#.#)o..#.# .........#
#.)@...# #........#
#...g......# #....
#?...........#
.........!......
................
...#..##....#... ...#..
....#.. .. #.. ....#


You could see Ijyb and an orc.

Vanquished Creatures
  A phantom (D:5)
  3 scorpions
  4 orc priests
  2 bombardier beetles (D:3)
  3 hounds
  A sleepcap (D:4)
  7 orc wizards
  8 adders
  8 dart slugs
  3 ribbon worms
  26 orcs
  4 endoplasms (D:1)
  3 giant cockroaches
  5 goblins
  10 hobgoblins
  4 jackals (D:3)
  5 kobolds
  8 quokkas
  5 ball pythons
  4 bats
  5 frilled lizards
  6 rats
125 creatures vanquished.

Notes
Turn   | Place    | Note
-------+----------+-------------------------------------------
     0 | D:1      | ymhsbmbesitwf the Minotaur Fighter began the quest for the
                  | Orb.
     0 | D:1      | Reached XP level 1. HP: 19/19 MP: 0/0
    21 | D:1      | You fall into a shaft and drop 1 floor!
    68 | D:1      | Reached XP level 2. HP: 20/27 MP: 1/1
   290 | D:1      | Reached XP level 3. HP: 33/33 MP: 2/2
   861 | D:2      | Reached skill level 1 in Dodging
  1159 | D:2      | Reached XP level 4. HP: 41/41 MP: 3/3
  1598 | D:3      | Reached skill level 5 in Fighting
  1598 | D:3      | Reached XP level 5. HP: 22/48 MP: 4/4
  1873 | D:3      | Reached skill level 5 in Axes
  1921 | D:3      | Reached XP level 6. HP: 57/57 MP: 5/5
  2842 | D:4      | Reached XP level 7. HP: 64/64 MP: 6/6
  2892 | D:4      | Found an opulent altar of Gozag.
  3257 | D:4      | Found a staircase to the Ecumenical Temple.
  3266 | Temple   | Entered the Ecumenical Temple
  3273 | Temple   | Became a worshipper of the Shining One
  3505 | D:5      | Entered Level 5 of the Dungeon
  3821 | D:5      | Noticed Ijyb
  3835 | D:5      | Blown up by Ijyb

Illustrated notes

Levels and vault maps discovered:
D:1:      minmay_arrival_jagged, layout_loops_ring, minmay_tripent
D:2:      layout_loops_cross, serial_bayou_crossing
D:3:      kennysheep_slugbush, layout_basic, amcnicky_mini_pool_small,
          kennysheep_orc_chapel
D:4:      layout_loops_ring, nicolae_gozag_seed_capital,
          lemuel_temple_firewalk_a, hangedman_abyss_or_decor_stabs,
          kennysheep_opposing_triangles
D:5:      layout_gridville, dk_noncrumbling_4, minmay_misc_feat_secret_circle,
          uniq_blork_the_orc, uniq_ijyb
Temple:   compressed_dpeg_triangle_lava_temple

Skill      XL: |  1  2  3  4  5  6  7 |
---------------+----------------------+-----
Axes           | 3 4 5 6 7 |  7.6
Fighting       | 4 5 6 7 |  7.6
Armour         | 4 |  4.0
Dodging        | 1 2 3 |  3.0
Shields        | 4 |  4.0

Action                     |  1- 3 |  4- 6 |  7- 9 || total
---------------------------+-------+-------+-------++-------
  Melee: War axe           |    88 |   125 |    59 ||   272
         Headbutt          |    11 |    24 |    12 ||    47
         Hand axe          |       |     4 |       ||     4
    Use: Scroll            |       |       |     1 ||     1
         Potion            |       |       |     1 ||     1
 Armour: Scale mail        |    48 |   106 |    45 ||   199
  Dodge: Dodged            |    38 |    54 |    28 ||   120
  Block: Buckler           |    12 |    21 |    18 ||    51
